 Dungeon Crawl Stone Soup version 0.17.0-23-g0de4337 (webtiles) character file.

1134 septik the Twirler (level 8, 0/48 HPs)
             Began as a Gargoyle Gladiator on Nov 14, 2015.
             Slain by septik's ghost (9 damage)
             ... in an ossuary.
             The game lasted 00:12:32 (5279 turns).

septik the Twirler (Gargoyle Gladiator)             Turns: 5279, Time: 00:12:32

Health: 0/48       AC: 16    Str: 20    XL:     8   Next: 36%
Magic:  0/0        EV:  9    Int:  7    God:
Gold:   288        SH:  0    Dex: 11    Spells: 0 memorised, 7 levels left

rFire  . . .     SeeInvis +     G - +7 rapier "Noiroja" {flame, +Blink MP-9 Int-2 SInv}
rCold  . . .     Clarity  +     m - +0 chain mail
rNeg   + . .     SustAt   .     (no shield)
rPois  ∞         Gourm    .     c - +0 helmet
rElec  +         Spirit   .     (no cloak)
rCorr  .         Warding  .     (no gloves)
rMut   .         Stasis   .     (no boots)
MR     .....                    x - amulet of clarity
Stlth  ..........               (no ring)
                                (no ring)

@: very slightly contaminated, hasted, very quick, not resistant to hostile
enchantments, extremely unstealthy
A: negative energy resistance 1, electricity resistance, unbreathing,
petrification resistance, rot immunity, AC +5
a: Evoke Blink


You were in an ossuary.
You were not hungry.

You visited 1 branch of the dungeon, and saw 6 of its levels.
You also visited: Ossuary.

You collected 288 gold pieces.

Inventory:

Hand Weapons
 a - a +1 quarterstaff
 C - the +7 whip "Ypiufueple" {drain, rElec}
   (You found it on level 4 of the Dungeon)

   A truly terrible weapon, it drains the life of those it strikes.
   It insulates you from electricity.
 G - the +7 rapier "Noiroja" (weapon) {flame, +Blink MP-9 Int-2 SInv}
   (You found it on level 6 of the Dungeon)

   It has been specially enchanted to burn those struck by it, causing extra
   injury to most foes and up to half again as much damage against particularly
   susceptible opponents.
   It affects your intelligence (-2).
   It affects your magic capacity (-9).
   It lets you see invisible.
   It lets you blink.
Missiles
 d - 2 throwing nets
 j - 150 stones (quivered)
Armour
 b - a +0 leather armour
 c - a +0 helmet (worn)
 m - a +0 chain mail (worn)
Jewellery
 x - an amulet of clarity (around neck)
 y - a cursed ring of teleportation {unknown}
 A - an uncursed amulet of resist corrosion {unknown}
Wands
 p - a wand of confusion (17)
Scrolls
 g - 3 scrolls of enchant armour {unknown}
 h - 2 scrolls of teleportation {unknown}
 i - 5 scrolls of identify {unknown}
 q - 2 scrolls of blinking
 t - a scroll of amnesia
 v - 2 scrolls of remove curse
Potions
 f - 2 potions of invisibility {unknown}
 k - 2 potions of might {unknown}
 l - a potion of flight {unknown}
 z - 2 potions of curing {unknown}
 E - a potion of cure mutation {unknown}
Books
 F - a book of Burglary

   Spells                             Type                      Level
   a - Swiftness                      Charms/Air                   2
   b - Passwall                       Transmutation/Earth          3
   c - Passage of Golubria            Translocation                4
   d - Lee's Rapid Deconstruction     Earth                        5
   e - Darkness                       Hexes                        6
   f - Invisibility                   Hexes                        6
Comestibles
 e - 4 bread rations
 n - 4 meat rations
 o - 5 chunks of flesh
 u - 3 beef jerkies
 B - 2 fruits


   Skills:
 + Level 4.5 Fighting
 * Level 3.4(5.1) Maces & Flails
 - Level 5.8(6.3) Staves
 - Level 1.8 Throwing
 + Level 4.9 Armour
 + Level 3.8 Dodging
 - Level 2.1 Stealth


You had 7 spell levels left.
You didn't know any spells.

Dungeon Overview and Level Annotations

Branches:
Dungeon (6/15)
 Temple: D:4-7

Altars:
Dithmenos
Elyvilon
Gozag
Nemelex Xobeh
Qazlal
Ru
Sif Muna
Trog
The Shining One

Annotations:
D:4 JudasIscariot's ghost, amateur DsFi Ossuary septik's ghost, novice GrGl


Innate Abilities, Weirdness & Mutations

You are resistant to torment.
Your stone body is resilient (AC +5).
You are immune to poison.
You resist negative energy.
You are resistant to electric shocks.
You can survive without breathing.
You are immune to petrification.
You are immune to rotting.


Message History

Septik's ghost is severely damaged.
Septik's ghost hits you but does no damage.
You hit septik's ghost but do no damage.
Septik's ghost is severely damaged.
Septik's ghost hits you but does no damage.
You closely miss septik's ghost.
Septik's ghost is severely damaged.
Septik's ghost hits you but does no damage.
Septik's ghost barely misses you.
You hit septik's ghost. You burn septik's ghost.
Septik's ghost is almost destroyed.
Septik's ghost hits you but does no damage.
Drink which item? (? for menu, Esc to quit)
You feel yourself speed up.
Septik's ghost hits you but does no damage.
You are very lightly contaminated with residual magic.
You closely miss septik's ghost.
Septik's ghost is almost destroyed.
Septik's ghost hits you!
You die...

##+# ...# ###
#####.^.#
#!!!!#...#...#
+!$!!#.∩@WZ..#
#!?!!#...#Z.∩#
### #########


You could see septik's ghost, an adder zombie and a kobold zombie.

Vanquished Creatures
  Sigmund (D:3)
  2 ice beasts (D:5)
  2 ogres (D:4)
  2 phantoms
  Blork the orc (D:4)
  A scorpion (D:5)
  A centaur skeleton (D:4)
  2 hounds
  2 jellies (D:5)
  An orc wizard (D:4)
  A worker ant (D:4)
  A hound skeleton (D:6)
  7 adders
  A shadow imp (D:5)
  2 worms (D:2)
  An adder skeleton (D:4)
  2 giant geckos
  4 orcs
  7 giant cockroaches
  8 goblins
  5 hobgoblins
  4 jackals
  6 quokkas
  11 bats
  A giant gecko skeleton (D:5)
  4 giant newts
  8 kobolds
  A quokka skeleton (D:5)
  13 rats
102 creatures vanquished.

Notes
Turn   | Place    | Note
--------------------------------------------------------------
     0 | D:1      | septik the Gargoyle Gladiator began the quest for the Orb.
     0 | D:1      | Reached XP level 1. HP: 12/12 MP: 1/1
   124 | D:1      | Reached XP level 2. HP: 17/17 MP: 2/2
  1036 | D:2      | Reached XP level 3. HP: 20/22 MP: 3/3
  1114 | D:2      | Found a deep blue altar of Sif Muna.
  1294 | D:2      | Reached skill level 1 in Armour
  1322 | D:2      | Found a white marble altar of Elyvilon.
  1415 | D:2      | Reached XP level 4. HP: 25/27 MP: 4/4
  1485 | D:2      | Reached skill level 4 in Staves
  1871 | D:3      | Noticed Sigmund
  1921 | D:3      | Killed Sigmund
  1921 | D:3      | Reached XP level 5. HP: 29/32 MP: 5/5
  1921 | D:3      | Reached XP level 6. HP: 33/37 MP: 6/6
  2300 | D:3      | Reached skill level 5 in Staves
  2425 | D:4      | Reached skill level 1 in Stealth
  2443 | D:4      | Found a bloodstained altar of Trog.
  2453 | D:4      | Noticed Blork the orc
  2710 | D:4      | Noticed JudasIscariot's ghost (amateur DsFi)
  3244 | D:4      | Reached XP level 7. HP: 16/41 MP: 7/7
  3361 | D:4      | Found a sacrificial altar of Ru.
  3486 | D:4      | Got a crude whip
  3487 | D:4      | Identified the +7 whip "Ypiufueple" {drain, rElec} (You found it on level 4 of the Dungeon)
  3517 | D:4      | Killed Blork the orc
  3605 | D:4      | Reached skill level 1 in Maces & Flails
  4049 | D:4      | Found a stormy altar of Qazlal.
  4200 | D:5      | Entered Level 5 of the Dungeon
  4239 | D:5      | Reached XP level 8. HP: 46/48 MP: 8/8
  4494 | D:5      | Found a glowing golden altar of the Shining One.
  4565 | D:5      | Found a shadowy altar of Dithmenos.
  5012 | D:5      | Found an opulent altar of Gozag.
  5159 | D:6      | Got a scorched rapier
  5160 | D:6      | Identified the +7 rapier "Noiroja" {flame, +Blink MP-9 Int-2 SInv} (You found it on level 6 of the Dungeon)
  5231 | D:6      | Found a sparkling altar of Nemelex Xobeh.
  5235 | D:6      | Found a sand-covered staircase.
  5244 | Ossuary  | Entered an ossuary
  5246 | Ossuary  | Noticed septik's ghost (novice GrGl)
  5279 | Ossuary  | Slain by septik's ghost

Action                   |  1- 3 |  4- 6 |  7- 9 || total
-------------------------+-------+-------+-------++-------
Melee: Quarterstaff      |   137 |   123 |    20 ||   280
       Whip              |       |       |   102 ||   102
       Rapier            |       |       |    40 ||    40
Throw: Throwing net      |       |     3 |       ||     3
       Stone             |       |       |     9 ||     9
  Use: Scroll            |       |       |     7 ||     7
       Potion            |       |       |     1 ||     1
 Stab: Held in net/web   |       |     2 |       ||     2
       Paralysed         |       |       |     1 ||     1
  Eat: Chunk             |     2 |     5 |     4 ||    11
       Meat ration       |       |       |     1 ||     1
